 Dungeon Crawl Stone Soup version 0.28.0-43-g3370ac3207 (webtiles) character file.

Game seed: 4187083462067304759

349 pkoi the Insei (level 6, -3/49 (50) HPs)
             Began as a Demigod Gladiator on Mar 28, 2022.
             Slain by a mummy (9 damage)
             ... in an ossuary on Mar 29, 2022.
             The game lasted 00:07:01 (4282 turns).

pkoi the Insei (Demigod Gladiator)                  Turns: 4282, Time: 00:07:02

HP:   -3/49 (50)    AC:  7    Str: 19    XL:     6   Next: 11%
MP:   8/8           EV: 14    Int: 10    God:
Gold: 160           SH:  0    Dex: 19    Spells: 4/5 levels left

rFire   . . .      SeeInvis .     - Unarmed
rCold   + . .      Faith    .   (no shield)
rNeg    . . .      Spirit   .   p - +0 robe {Will+}
rPois   .          Reflect  .   b - +0 helmet
rElec   .          Harm     .   (no cloak)
rCorr   .          Rampage  .   (no gloves)
Will    +....                   (no boots)
Stlth   ++........              (no amulet)
HPRegen 0.16/turn               e - +4 ring of protection
MPRegen 0.11/turn               (no ring)

@: lightly drained
A: high MP 1, forlorn, divine attributes, cold resistance 1, noise suppression
a: no special abilities


You were in an ossuary.
You visited 1 branch of the dungeon, and saw 4 of its levels.
You also visited: Ossuary.

You collected 160 gold pieces.

Inventory:

Hand Weapons
 d - a +0 dagger
 l - a +2 hand axe of distortion
Missiles
 c - 3 throwing nets
 h - 6 poisoned darts (quivered)
Armour
 a - a +0 leather armour
 b - a +0 helmet (worn)
 p - a +0 robe of willpower (worn)
Jewellery
 e - a +4 ring of protection (left hand)
 m - a ring of ice
Scrolls
 g - a scroll of identify
 i - a scroll of magic mapping
 k - a scroll of acquirement
 o - a scroll of fog
Potions
 j - 3 potions of heal wounds
 n - a potion of curing


   Skills:
 + Level 2.8 Fighting
 - Level 1.7 Throwing
 + Level 3.5 Dodging
 * Level 5.7 Unarmed Combat


You had 4 spell levels left.
You knew the following spells:

 Your Spells              Type           Power      Damage    Failure   Level
a - Apportation           Tloc           0%         N/A       36%         1

Your spell library contained the following spells:

 Spells                   Type           Power      Damage    Failure   Level
 Animate Skeleton         Necr           0%         N/A       36%         1
 Summon Small Mammal      Summ           0%         N/A       36%         1
 Ignite Poison            Fire/Tmut/Pois 0%         N/A       75%         3
 Mephitic Cloud           Conj/Pois/Air  0%         N/A       75%         3
 Freezing Cloud           Conj/Ice/Air   0%         6-21      100%        5


Dungeon Overview and Level Annotations

Branches:
Dungeon (4/15)            Ossuary (1/1)
 Temple: D:4-7

Annotations:
D:3 1 runed translucent door, Crazy Yiuf


Innate Abilities, Weirdness & Mutations

You have an increased reservoir of magic. (+10% MP)
You shall have no god before yourself.
Your divine heritage dramatically boosts your attributes as you level up.
Your flesh is cold resistant. (rC+)
You passively dampen the noise of your surroundings.


Message History

* * * LOW HITPOINT WARNING * * *
You hit the mummy.
The mummy is almost destroyed.
The quokka zombie bites you but does no damage.
The kobold zombie barely misses you. The mummy hits you.
* * * LOW HITPOINT WARNING * * *
The mummy misses you. The orc zombie misses you.
You hit the mummy but do no damage.
The mummy is almost destroyed.
The quokka zombie barely misses you. The mummy hits you!
* * * LOW HITPOINT WARNING * * *
The kobold zombie barely misses you.
You hit the mummy.
You destroy the mummy!
The orc zombie hits you but does no damage.
The mummy closely misses you. The quokka zombie closely misses you.
The mummy hits you but does no damage. The mummy misses you.
You hit the mummy but do no damage. You hit the mummy but do no damage.
The quokka zombie closely misses you. The kobold zombie barely misses you.
You hit the mummy.
The mummy is moderately damaged.
The quokka zombie misses you.
You punch the mummy!
The mummy is severely damaged.
The quokka zombie closely misses you. The mummy barely misses you.
You hit the mummy.
The mummy is almost destroyed.
The quokka zombie barely misses you.
You barely miss the mummy.
The mummy is almost destroyed.
The mummy hits you!
* * * LOW HITPOINT WARNING * * *
The quokka zombie bites you.
* * * LOW HITPOINT WARNING * * *
The mummy closely misses you.
It was a potion of cancellation.
You feel magically purged. The quokka zombie barely misses you.
The mummy hits you!
You die...

#...#
#...#
##'##
#...#
#.∩.#
#...#
#Z∩.#
##ZZ.##
#@MZ..#
#M#.#.#
#######


You could see 2 mummies, a quokka zombie, 2 kobold zombies and an orc zombie.

Vanquished Creatures
  A kobold brigand (D:4)
  A scorpion (D:4)
  A howler monkey (D:4)
  A hound (D:4)
  A centaur skeleton (D:4)
  Jessica (D:3)
  A mummy (Ossuary)
  3 adders
  An adder skeleton (D:2)
  A worm (D:2)
  A dart slug (D:1)
  4 orcs
  4 bats
  3 endoplasms
  4 giant cockroaches
  3 hobgoblins
  A quokka (D:2)
  3 ball pythons
  4 frilled lizards
  4 goblins
  4 kobolds
  8 rats
  A spectral hobgoblin (D:4)
56 creatures vanquished.

Notes
Turn   | Place    | Note
-------+----------+-------------------------------------------
     0 | D:1      | pkoi the Demigod Gladiator began the quest for the Orb.
     0 | D:1      | Reached XP level 1. HP: 17/17 MP: 3/3
   239 | D:1      | Reached skill level 3 in Unarmed Combat
   521 | D:1      | Reached XP level 2. HP: 23/24 MP: 4/4
  1919 | D:2      | Reached XP level 3. HP: 25/29 MP: 5/5
  1921 | D:2      | Reached skill level 4 in Unarmed Combat
  2475 | D:3      | Noticed Jessica
  2785 | D:3      | Killed Jessica
  2997 | D:3      | Gained mutation: You passively dampen the noise of your
                  | surroundings. [potion of mutation]
  2997 | D:3      | Gained mutation: Your flesh is cold resistant. (rC+)
                  | [potion of mutation]
  3003 | D:3      | Reached XP level 4. HP: 12/36 MP: 6/6
  3201 | D:2      | Identified a scroll of acquirement
  3251 | D:3      | Learned a level 1 spell: Apportation
  3701 | D:3      | Found a runed translucent door.
  3702 | D:3      | Noticed Crazy Yiuf
  3920 | D:4      | Reached skill level 5 in Unarmed Combat
  3920 | D:4      | Reached XP level 5. HP: 26/41 MP: 7/7
  4208 | D:4      | Reached XP level 6. HP: 47/50 MP: 8/8
  4242 | D:4      | Found a sand-covered staircase.
  4248 | Ossuary  | Entered an ossuary
  4282 | Ossuary  | Slain by a mummy

Illustrated notes

Levels and vault maps discovered:
D:1:      dpeg_arrival_round_b, layout_basic, nicolae_ecumenical_lake_church
D:2:      layout_rooms
D:3:      layout_rooms, nrook_loot_triangle, uniq_jessica,
          uniq_crazy_yiuf_cottage
D:4:      layout_loops_corners, kennysheep_little_box,
          nicolae_hepliaklqana_monster_ancestors, nicolae_ossuary_entry_plus,
          minmay_increasing_density
Ossuary:  ossuary_minmay_chase

Skill      XL: |  1  2  3  4 |
---------------+-------------+-----
Unarmed Combat | 3 4 5 |  5.7
Fighting       | 2 |  2.8
Dodging        | 3 |  3.5
Throwing       | |  1.7

Action                   |  1- 3 |  4- 6 || total
-------------------------+-------+-------++-------
Melee: Unarmed           |   154 |   119 ||   273
       Punch             |     4 |     4 ||     8
Throw: Dart              |       |     2 ||     2
  Use: Potion            |     4 |     2 ||     6
       Scroll            |       |     7 ||     7
 Stab: Sleeping          |       |     1 ||     1
Armor: Leather armour    |    44 |       ||    44
       Robe              |     7 |    46 ||    53
Dodge: Dodged            |    98 |   121 ||   219
